 Dungeon Crawl Stone Soup version 0.16-a0-296-gbdb9f68 (webtiles) character file.

8899 Kashira the Conjurer (level 11, -6/59 HPs)
             Began as a Tengu Air Elementalist on Aug 29, 2014.
             Was a Priest of Qazlal.
             Mangled by a black mamba (14 damage)
             ... on Level 3 of the Lair of Beasts.
             The game lasted 01:42:28 (13774 turns).

Kashira the Conjurer (Tengu Air Elementalist)      Turns: 13774, Time: 01:42:32

HP  -6/59        AC  4     Str  9      XL: 11   Next: 38%
MP  16/39        EV 15     Int 17      God: Qazlal [***...]
Gold 334         SH  4     Dex 16      Spells:  5 memorised, 17 levels left

rFire  + . .     SeeInvis .     y - +3 quarterstaff (chaos)
rCold  . . .     Clarity  .     a - +0 robe
rNeg   . . .     rCorr    .     (no shield)
rPois  .         rRot     .     (helmet restricted)
rElec  .         Spirit   .     z - +0 cloak
SustAb .         Warding  .     J - +0 pair of gloves
rMut   .         Stasis   .     (boots unavailable)
Gourm  .                        (no amulet)
MR     .....                    n - ring of magical power
                                E - ring of protection from fire

@: lethally poisoned, repel missiles, not resistant to hostile enchantments,
unstealthy
A: able to fly, beak, talons 3
a: Fly, Upheaval, Elemental Force, Renounce Religion


You were on level 3 of the Lair of Beasts.
You worshipped Qazlal.
Qazlal was most pleased with you.
You were not hungry.

You visited 2 branches of the dungeon, and saw 11 of its levels.

You collected 520 gold pieces.
You spent 186 gold pieces at shops.

Inventory:

Hand weapons
 y - a +3 quarterstaff of chaos (weapon)
 C - a +2 shortbow of flaming
Missiles
 q - 5 tomahawks
 u - a throwing net (quivered)
 F - 34 arrows
 S - 4 tomahawks of returning
Armour
 a - a +0 robe (worn)
 z - a +0 cloak (worn)
 J - a +0 pair of gloves (worn)
Magical devices
 g - a wand of cold (8)
 s - a wand of heal wounds (6) {unknown}
 v - a wand of enslavement (9)
 L - a wand of slowing (14)
 W - a wand of draining (3)
Comestibles
 B - 2 meat rations
 R - a royal jelly
 X - 9 fruits
Scrolls
 h - 4 scrolls of recharging
 i - 9 scrolls of remove curse
 m - 4 scrolls of fear
 o - a scroll of immolation {unknown}
 x - 5 scrolls of magic mapping
 D - a scroll of silence {unknown}
 H - a scroll of blinking {unknown}
 N - 2 scrolls of noise {unknown}
 U - a scroll of random uselessness {unknown}
 V - a scroll of fog {unknown}
Jewellery
 e - an uncursed amulet of rage {unknown}
 n - a ring of magical power (right hand)
 t - a cursed -4 ring of protection {unknown}
 E - a ring of protection from fire (left hand)
 P - an uncursed ring of magical power
 Z - an uncursed ring of poison resistance {unknown}
Potions
 f - 2 potions of confusion {unknown}
 j - a potion of lignification {unknown}
 k - 3 potions of might
 l - 4 potions of magic
 p - 3 potions of brilliance {unknown}
 w - a potion of curing
 A - 3 potions of haste
 G - 2 potions of agility {unknown}
 I - a potion of heal wounds
 M - a potion of restore abilities
 O - a potion of invisibility {unknown}
Books
 b - a book of Air

   Spells                             Type                      Level
   *Shock                             Conjuration/Air              1
   *Swiftness                         Charms/Air                   2
   *Repel Missiles                    Charms/Air                   2
   Flight                             Charms/Air                   3
   Static Discharge                   Conjuration/Air              3
   *Lightning Bolt                    Conjuration/Air              5
 d - a book of Debilitation

   Spells                             Type                      Level
   Corona                             Hexes                        1
   *Slow                              Hexes                        2
   Inner Flame                        Hexes/Fire                   3
   Enslavement                        Hexes                        4
   Cause Fear                         Hexes                        4
   Leda's Liquefaction                Hexes/Earth                  4
 r - a book of the Dragon

   Spells                             Type                      Level
   Flight                             Charms/Air                   3
   Cause Fear                         Hexes                        4
   Bolt of Fire                       Conjuration/Fire             6
   Dragon Form                        Transmutation                7
   Dragon's Call                      Summoning                    9
 K - a book of Control

   Spells                             Type                      Level
   Control Teleport                   Charms/Translocation         4
   Control Undead                     Necromancy                   4
   Enslavement                        Hexes                        4
   Metabolic Englaciation             Hexes/Ice                    5
   Mass Confusion                     Hexes                        6
 Q - a book of Party Tricks

   Spells                             Type                      Level
   Summon Butterflies                 Summoning                    1
   Apportation                        Translocation                1
   Blink                              Translocation                2
   Tukima's Dance                     Hexes                        3
   Alistair's Intoxication            Transmutation/Poison         4


   Skills:
 + Level 2.6 Fighting
   Level 0.2 Short Blades
 + Level 1.6 Staves
 + Level 0.7 Bows
 + Level 0.2 Throwing
 + Level 5.2 Dodging
 + Level 3.5 Stealth
 + Level 9.7 Spellcasting
 + Level 11.4 Conjurations
 + Level 1.9 Hexes
 + Level 11.4 Air Magic
 + Level 1.3 Evocations


You had 17 spell levels left.
You knew the following spells:

 Your Spells              Type           Power        Failure   Level  Hunger
a - Shock                 Conj/Air       ####         1%          1    None
b - Repel Missiles        Chrm/Air       ####..       1%          2    None
c - Swiftness             Chrm/Air       ####....     1%          2    None
d - Slow                  Hex            ##......     10%         2    None
e - Lightning Bolt        Conj/Air       #####.....   2%          5    ####...


Dungeon Overview and Level Annotations

Branches:
Dungeon (8/15)             Temple (0/1) D:7            Lair (3/8) D:8
  Swamp: Lair:3-6    Shoals: Lair:3-6     Snake: Lair:3-6    Spider: Lair:3-6

Altars:
Ashenzari
Cheibriados
Dithmenos
Elyvilon
Fedhas
Makhleb
Nemelex Xobeh
Okawaru
Qazlal
Sif Muna
Vehumet
The Shining One

Shops:
D:6 !   D:7 =

Annotations:
D:3 Blork the orc
D:4 Eustachio


Innate Abilities, Weirdness & Mutations

You can fly.
You have a beak for a mouth.
You have claws for feet.


Message History

The bolt of lightning hits the black mamba.
The black mamba is almost dead.
You feel sick. The black mamba completely misses you.
The black mamba bites you!
* * * LOW HITPOINT WARNING * * *
Drink which item? (? for menu, Esc to quit)
You feel better. You block the black mamba's attack.
Casting: Lightning Bolt
Confirm with . or Enter, or press ? or * to list all spells.
Aiming: Lightning Bolt
Press: ? - help, Shift-Dir - straight line, f - blink frog, p - black mamba
Aim: a blink frog You hear a mighty clap of thunder!
The bolt of lightning misses the black mamba.
The bolt of lightning misses the blink frog.
The black mamba bites you!
* * * LOW HITPOINT WARNING * * *
You are lethally poisoned!
The black mamba poisons you! The black mamba bites you!
You die...

###...#...###....#
#.....#....#....#######
##....##..##.....#....##
#.....#..P#P..(.......#P
##P.##.....#.................
............(........[.(.....
##..............#............
....#.......§#..............
...##.....#@...#!......<....
### #.....#S#..#............
#P.#.P#.# .##...........
#.......# .###.........
##....... ....###.....
##..F..# .#. #.....
###..##... P. ......
.........F. #.....
...≈≈≈≈≈≈... ...


You could see a black mamba and a blink frog.

Vanquished Creatures
  3 komodo dragons
  A fire drake (D:8)
  6 blink frogs
  A two-headed ogre (D:8)
  6 yaks (Lair:1)
  A hungry ghost (D:7)
  6 hippogriffs
  3 water moccasins
  A phantom (D:6)
  A yellow wasp (Lair:3)
  3 porcupines
  A black bear (Lair:1)
  2 crocodiles
  3 ice beasts
  2 sky beasts
  3 centaurs
  2 ogres (D:4)
  The ghost of katzbalger the Sneak, an average OpAs (D:3)
  8 giant frogs
  A gnoll sergeant (D:8)
  2 scorpions
  A yak zombie (D:8)
  9 hounds
  6 crimson imps
  A quasit (D:8)
  5 iguanas
  4 orc priests
  10 jellies
  Crazy Yiuf (D:2)
  5 orc wizards
  7 worker ants
  An ogre zombie (D:7)
  Ijyb (D:3)
  8 gnolls
  9 adders
  6 green rats (Lair:2)
  3 giant mites
  An inept item mimic (D:8)
  5 worms
  5 giant geckos
  3 oozes
  27 orcs
  10 bats
  A bat skeleton (D:4)
  A bat zombie (D:5)
  13 giant cockroaches
  9 goblins
  19 hobgoblins
  15 jackals
  7 quokkas
  4 ball pythons
  2 giant newts
  3 giant spores
  A goblin skeleton (D:7)
  3 hobgoblin zombies (D:7)
  11 kobolds
  2 kobold skeletons
  3 orc skeletons
  An orc zombie (D:7)
  22 rats
  A rat zombie (D:6)
  2 ballistomycetes
  A butterfly (Lair:2)
  A fungus (Lair:2)
  2 plants (Lair:2)
309 creatures vanquished.

Vanquished Creatures (collateral kills)
  2 hobgoblin zombies (D:7)
  A kobold zombie (D:7)
3 creatures vanquished.

Vanquished Creatures (others)
  A giant spore (D:8)
  A kobold (D:5)
2 creatures vanquished.

Grand Total: 314 creatures vanquished

Notes
Turn   | Place    | Note
--------------------------------------------------------------
     0 | D:1      | Kashira, the Tengu Air Elementalist, began the quest for the Orb.
     0 | D:1      | Reached XP level 1. HP: 10/10 MP: 3/3
   294 | D:1      | Reached XP level 2. HP: 15/15 MP: 0/6
   893 | D:1      | Reached XP level 3. HP: 19/19 MP: 2/7
  1651 | D:2      | Reached skill level 5 in Air Magic
  1651 | D:2      | Reached XP level 4. HP: 8/24 MP: 0/10
  2385 | D:4      | Reached XP level 5. HP: 11/28 MP: 0/13
  2390 | D:4      | Learned a level 2 spell: Repel Missiles
  2393 | D:4      | Learned a level 2 spell: Swiftness
  2792 | D:4      | Noticed an ogre
  2799 | D:4      | Noticed Eustachio
  3127 | D:3      | Found a radiant altar of Vehumet.
  3132 | D:3      | Noticed Ijyb
  3182 | D:3      | Killed Ijyb
  3182 | D:3      | Reached XP level 6. HP: 4/33 MP: 0/15
  3185 | D:3      | HP: 1/33 [poisoned by Ijyb]
  3307 | D:3      | Found a shadowy altar of Dithmenos.
  3353 | D:3      | Noticed katzbalger's ghost (average OpAs)
  3363 | D:3      | Killed katzbalger's ghost
  3599 | D:3      | Reached skill level 6 in Air Magic
  3850 | D:3      | Reached XP level 7. HP: 29/37 MP: 6/18
  3956 | D:3      | Noticed Blork the orc
  4395 | D:4      | Noticed an ogre
  4410 | D:4      | Killed an ogre
  4410 | D:4      | Reached skill level 5 in Conjurations
  4720 | D:4      | Found a sparkling altar of Nemelex Xobeh.
  4856 | D:4      | Reached skill level 1 in Fighting
  5228 | D:2      | Noticed Crazy Yiuf
  5256 | D:2      | Killed Crazy Yiuf
  5282 | D:2      | Found a burning altar of Makhleb.
  5701 | D:4      | Killed an ogre
  5719 | D:4      | Reached skill level 5 in Spellcasting
  5719 | D:4      | Reached skill level 7 in Air Magic
  5722 | D:4      | Reached XP level 8. HP: 26/43 MP: 10/21
  5988 | D:5      | Entered Level 5 of the Dungeon
  6047 | D:5      | Found a shattered altar of Ashenzari.
  6562 | D:5      | Found an iron altar of Okawaru.
  7077 | D:5      | Found a stormy altar of Qazlal.
  7084 | D:5      | Became a worshipper of Qazlal Stormbringer
  7406 | D:6      | Reached skill level 8 in Air Magic
  7433 | D:6      | Found Qaufinlaet's Distillery.
  7458 | D:6      | Bought a potion of might for 27 gold pieces
  7458 | D:6      | Bought a potion of restore abilities for 33 gold pieces
  7458 | D:6      | Bought a potion of degeneration for 22 gold pieces
  7458 | D:6      | Bought a potion of poison for 11 gold pieces
  7463 | D:6      | Bought a potion of magic for 60 gold pieces
  7463 | D:6      | Bought a potion of heal wounds for 33 gold pieces
  7500 | D:6      | Found a deep blue altar of Sif Muna.
  7657 | D:6      | Reached XP level 9. HP: 32/47 MP: 23/24
  7750 | D:6      | Learned a level 2 spell: Slow
  8021 | D:5      | Learned a level 5 spell: Lightning Bolt
  8107 | D:7      | Found a glowing golden altar of the Shining One.
  8409 | D:7      | Found Fruragui's Jewellery Shop.
  8481 | D:7      | Found a staircase to the Ecumenical Temple.
  8817 | D:7      | Acquired Qazlal's first power
  8865 | D:7      | Found a radiant altar of Vehumet.
  9032 | D:8      | Found a snail-covered altar of Cheibriados.
  9095 | D:8      | Found a white marble altar of Elyvilon.
  9114 | D:8      | Reached skill level 1 in Evocations
  9133 | D:8      | Found a staircase to the Lair.
  9202 | D:8      | Reached skill level 1 in Hexes
  9218 | D:8      | Reached skill level 9 in Air Magic
 10295 | D:8      | Acquired Qazlal's second power
 10324 | D:8      | Reached XP level 10. HP: 52/52 MP: 27/27
 10329 | D:8      | Reached skill level 1 in Staves
 10358 | D:8      | Noticed a fire drake
 10363 | D:8      | Killed a fire drake
 10459 | Lair:1   | Entered Level 1 of the Lair of Beasts
 10729 | Lair:1   | Reached skill level 10 in Air Magic
 11724 | Lair:1   | Reached skill level 10 in Conjurations
 12201 | Lair:2   | Found a blossoming altar of Fedhas.
 12289 | Lair:2   | Reached XP level 11. HP: 46/57 MP: 10/29
 12292 | Lair:2   | Reached skill level 5 in Dodging
 12299 | Lair:2   | Reached skill level 11 in Air Magic
 12590 | Lair:2   | Acquired Qazlal's third power
 13774 | Lair:3   | Mangled by a black mamba

Action                   |  1- 3 |  4- 6 |  7- 9 | 10-12 || total
-------------------------+-------+-------+-------+-------++-------
Melee: Short sword       |    16 |    16 |       |       ||    32
       Unarmed           |     3 |       |       |       ||     3
       Quarterstaff      |       |       |    48 |    22 ||    70
       Dagger            |       |       |     2 |       ||     2
 Fire: Shortbow          |       |       |     9 |       ||     9
Throw: Throwing net      |       |       |     1 |       ||     1
 Cast: Shock             |    72 |   150 |   449 |   215 ||   886
       Swiftness         |       |       |     1 |       ||     1
       Repel Missiles    |       |       |     1 |       ||     1
       Lightning Bolt    |       |       |    18 |    45 ||    63
       Slow              |       |       |    17 |     2 ||    19
Evoke: Wand              |       |     4 |    10 |     2 ||    16
  Use: Potion            |       |     5 |       |     4 ||     9
       Scroll            |       |       |     8 |     2 ||    10
  Eat: Chunk             |     2 |     8 |    14 |    11 ||    35
       Bread ration      |       |       |     2 |     2 ||     4
       Beef jerky        |       |       |       |     1 ||     1
       Pizza             |       |       |       |     1 ||     1
